 Dungeon Crawl Stone Soup version 0.31-a0-1111-ga3525b893c (webtiles) character file.

Game seed: 13932389721597810371

1421519 Flugkiller the Devastator (level 26, 218/218 HPs)
             Began as a Mummy Air Elementalist on Dec 3, 2023.
             Was the Champion of Ashenzari.
             Escaped with the Orb
             ... and 3 runes on Dec 4, 2023!
             The game lasted 02:15:16 (98700 turns).

Flugkiller the Devastator (Mummy Air Elementalist) Turns: 98700, Time: 02:15:16

Health: 218/218    AC: 27    Str: 12    XL:     26   Next: 23%
Magic:  46/52      EV: 15    Int: 23    God:    Ashenzari [******]
Gold:   4055       SH:  6    Dex: 13    Spells: 23/75 levels left

rFire   + + +        T - staff "Thunder Perfect Mind" (curse) {rElec Air, Cun, Elem} (curse)
rCold   + . .        n - +2 buckler of the Elysian Fetters {Elem, Alch} (curse)
rNeg    + + +        r - +7 ring mail of the Oracular Pleiades {rPois rN+, Dev, Elem} (curse)
rPois   ∞            q - +2 helmet "Ruined With Me" {Self, Bglg} (curse)
rElec   +            h - scarf of the Fated Portent {rC+ rF+, Self, Bglg} (curse)
rCorr   .            V - +1 pair of gloves of the Wild Blue Yonder {rF++ Str-2, Bglg, Cun} (curse)
SInv    +            u - +1 pair of boots "I Foresaw This" {Cun, Self} (curse)
Will    +++..        M - amulet of the Sublime Seer {Regen+, Elem, Self} (curse)
Stlth   +            y - ring of the Enigmatic Moon {Fire, Dev, Elem} (curse)
HPRegen 1.36/turn    K - ring of the Eye in the Sky {AC+4, Elem, Bglg} (curse)
MPRegen 0.33/turn

%: clarity, faith
@: no status effects
A: cold resistance 1, negative energy resistance 3, torment resistance 2, heat
vulnerability 1, in touch with death 2, no potions, faith
0: Orb of Zot
}: 3/15 runes: serpentine, barnacled, slimy
a: Renounce Religion, Shatter the Chains


You escaped.
You worshipped Ashenzari.
Ashenzari was exalted by your worship.
You visited 11 branches of the dungeon, and saw 52 of its levels.
You also visited: Trove, Ice Cave and Wizlab.

You collected 6929 gold pieces.
You spent 2874 gold pieces at shops.

Inventory:

Missiles
 A - 4 throwing nets (quivered)
 N - 4 curare-tipped darts
Armour
 h - the cursed scarf of the Fated Portent (worn) {rC+ rF+, Self, Bglg}
   (You bought it in a shop on level 4 of the Snake Pit)

   It has a curse which improves the following skills: Introspection: Fighting
   and Spellcasting.
   Beguiling: Conjurations, Hexes and Translocations.
 n - the cursed +2 buckler of the Elysian Fetters (worn) {Elem, Alch}
   (You took it off a skeletal warrior on level 13 of the Dungeon)

   It has a curse which improves the following skills: Elements: Fire Magic, Ice
   Magic, Air Magic and Earth Magic.
   Alchemy:   Poison Magic and Transmutations.
 q - the cursed +2 helmet "Ruined With Me" (worn) {Self, Bglg}
   (You took it off Robin on level 3 of the Dungeon)

   It has a curse which improves the following skills: Introspection: Fighting
   and Spellcasting.
   Beguiling: Conjurations, Hexes and Translocations.
 r - the cursed +7 ring mail of the Oracular Pleiades (worn) {rPois rN+, Dev, Elem}
   (You found it on level 3 of the Dungeon)

   rPois:     It protects you from poison rN+: It protects you from negative
   energy.
   It has a curse which improves the following skills: Devices: Evocations.
   Elements:  Fire Magic, Ice Magic, Air Magic and Earth Magic.
 u - the cursed +1 pair of boots "I Foresaw This" (worn) {Cun, Self}
   (You found it on level 5 of the Dungeon)

   It has a curse which improves the following skills: Cunning: Dodging and
   Stealth.
   Introspection: Fighting and Spellcasting.
 I - a +2 kite shield of reflection
   (You found it on level 1 of the Shoals)
 V - the cursed +1 pair of gloves of the Wild Blue Yonder (worn) {rF++ Str-2, Bglg, Cun}
   (You found it on level 4 of the Vaults)

   Str-2:     It affects your strength (-2).
   rF++:      It greatly protects you from fire.
   It has a curse which improves the following skills: Beguiling: Conjurations,
   Hexes and Translocations.
   Cunning:   Dodging and Stealth.
Magical Staves
 a - a staff of conjuration
   (You found it on level 1 of the Lair of Beasts)
 T - the cursed staff "Thunder Perfect Mind" (weapon) {rElec Air, Cun, Elem}
   (You found it on level 3 of the Elven Halls)

   [staff of air]

   Base accuracy: +5 Base damage: 5 Base attack delay: 1.2 This weapon's minimum
   attack delay (0.6) is reached at skill level 12.
   rElec:     It insulates you from electricity.
   Air:       It increases the power of your Air spells.
   It falls into the 'Staves' category.
   It is a one-handed weapon.
   It has a curse which improves the following skills: Cunning: Dodging and
   Stealth.
   Elements:  Fire Magic, Ice Magic, Air Magic and Earth Magic.
Jewellery
 j - a +4 ring of slaying
   (You found it on level 4 of the Shoals)
 k - a ring of ice
   (You found it on level 4 of the Dungeon)
 p - a ring of protection from cold
   (You took it off a yaktaur on level 4 of the Vaults)
 v - a +5 ring of evasion
   (You found it on level 15 of the Dungeon)
 x - a ring of magical power
   (You found it on level 5 of the Pits of Slime)
 y - the cursed ring of the Enigmatic Moon (left hand) {Fire, Dev, Elem}
   (You found it on level 2 of the Lair of Beasts)

   [ring of fire]

   Fire:      It enhances your fire magic.
   rF+:       It protects you from fire.
   rC-:       It makes you vulnerable to cold.
   It has a curse which improves the following skills: Devices: Evocations.
   Elements:  Fire Magic, Ice Magic, Air Magic and Earth Magic.
 G - a ring of magical power
   (You took it off a deep elf demonologist on level 3 of the Elven Halls)
 H - a ring of flight
   (You found it on level 1 of the Lair of Beasts)
 J - a +6 ring of dexterity
   (You found it on level 2 of the Shoals)
 K - the cursed ring of the Eye in the Sky (right hand) {AC+4, Elem, Bglg}
   (You found it on level 2 of the Lair of Beasts)

   [ring of protection]

   AC+4:      It affects your AC (+4).
   It has a curse which improves the following skills: Elements: Fire Magic, Ice
   Magic, Air Magic and Earth Magic.
   Beguiling: Conjurations, Hexes and Translocations.
 M - the cursed amulet of the Sublime Seer (around neck) {Regen+, Elem, Self}
   (You bought it in a shop on level 4 of the Snake Pit)

   [amulet of regeneration]

   Regen+:    It increases your rate of health regeneration.
   It has a curse which improves the following skills: Elements: Fire Magic, Ice
   Magic, Air Magic and Earth Magic.
   Introspection: Fighting and Spellcasting.
 O - a +5 ring of evasion
   (You took it off a merfolk on level 4 of the Shoals)
 U - a +6 ring of dexterity
   (You found it on level 4 of the Vaults)
Wands
 b - a wand of digging (12)
   (You found it on level 2 of the Depths)
 d - a wand of flame (65)
   (You found it on level 5 of the Lair of Beasts)
 g - a wand of paralysis (67)
   (You found it on level 2 of the Dungeon)
 o - a wand of roots (19)
   (You bought it in a shop on level 3 of the Dungeon)
 B - a wand of polymorph (25)
   (You found it on level 8 of the Dungeon)
 P - a wand of mindburst (19)
   (You found it on level 4 of the Shoals)
Scrolls
 e - 7 scrolls of amnesia
 i - 8 scrolls of enchant armour
 l - 15 scrolls of fog
 m - 10 scrolls of vulnerability
 s - 4 scrolls of silence
 t - 20 scrolls of teleportation
 w - 8 scrolls of immolation
 z - 6 scrolls of blinking
 C - 6 scrolls of fear
 D - 6 scrolls of torment
 E - 3 scrolls of butterflies
 L - 15 scrolls of poison
 Q - 6 scrolls of revelation
Miscellaneous
 R - a box of beasts (inert)
   (You found it on level 1 of the Snake Pit)


   Skills:
 - Level 14.3(20.0) Fighting
 - Level 10.0 Staves
 - Level 13.0 Armour
 - Level 8.6(13.3) Dodging
 - Level 1.5(4.5) Stealth
 - Level 19.6(25.0) Spellcasting
 - Level 20.3(25.6) Conjurations
 - Level 2.3(6.4) Translocations
 - Level 12.6(20.1) Fire Magic
 - Level 5.1(11.9) Ice Magic
 - Level 19.4(26.7) Air Magic
 + Level 13.7(17.2) Evocations


You had 23 spell levels left.
You knew the following spells:

 Your Spells              Type           Power      Damage    Failure   Level
a - Shock                 Conj/Air       100%       1d9       0%          1
b - Static Discharge      Conj/Air       100%       3-8/arc   0%          2
c - Airstrike             Air            61%        2d(9-25)  0%          4
d - Freezing Cloud        Conj/Ice/Air   56%        6-21      0%          5
e - Frozen Ramparts       Ice            100%       1d16      1%          3
f - Iskenderun's Mystic   Conj/Tloc      80%        2d16      1%          4
g - Fireball              Conj/Fire      58%        3d22      0%          5
h - Plasma Beam           Fire/Air       70%        2x1d87    1%          6
i - Arcjolt               Conj/Air       61%        1d71      0%          5
j - Chain Lightning       Conj/Air       61%        3d81      7%          9
w - Swiftness             Air            100%       N/A       0%          3
I - Irradiate             Conj/Tmut      36%        3d23      1%          5

Your spell library contained the following spells:

 Spells                   Type           Power      Damage    Failure   Level
 Foxfire                  Conj/Fire      100%       2x1d9     0%          1
 Magic Dart               Conj           100%       1d8       0%          1
 Momentum Strike          Conj/Tloc      100%       3d10      0%          2
 Scorch                   Fire           100%       2d9       0%          2
 Searing Ray              Conj           100%       2d8       0%          2
 Hailstorm                Conj/Ice       86%        3d17      0%          3
 Mephitic Cloud           Conj/Pois/Air  100%       N/A       0%          3
 Flame Wave               Conj/Fire      100%       2d21      0%          4
 Sticky Flame             Conj/Fire      100%       2d11      0%          4
 Iskenderun's Battlesphe  Conj           98%        2d14      0%          5
 Conjure Ball Lightning   Conj/Air       61%        3x3d22    0%          6
 Apportation              Tloc           100%       N/A       1%          1
 Freeze                   Ice            100%       1d10      1%          1
 Sandblast                Erth           66%        2d15      1%          1
 Cigotuvi's Dreadful Rot  Necr/Pois/Air  100%       N/A       1%          2
 Ensorcelled Hibernation  Hex/Ice        100%       N/A       1%          2
 Lesser Beckoning         Tloc           100%       N/A       1%          2
 Poisonous Vapours        Pois/Air       100%       N/A       1%          2
 Gell's Gravitas          Tloc           55%        N/A       1%          3
 Ignite Poison            Fire/Tmut/Pois 74%        N/A       1%          3
 Inner Flame              Hex/Fire       86%        N/A       1%          3
 Ozocubu's Armour         Ice            70%        N/A       1%          3
 Stone Arrow              Conj/Erth      100%       3d13      1%          3
 Teleport Other           Tloc           55%        N/A       1%          3
 Volatile Blastmotes      Fire/Tloc      100%       2d18      1%          3
 Brom's Barrelling Bould  Conj/Erth      74%        2d9       1%          4
 Fulminant Prism          Conj/Hex       37%        3d17      1%          4
 Summon Lightning Spire   Summ/Air       94%        N/A       1%          4
 Vhi's Electric Charge    Tloc/Air       100%       N/A       1%          4
 Silence                  Hex/Air        47%        N/A       1%          5
 Bombard                  Conj/Erth      37%        9d6       1%          6
 Starburst                Conj/Fire      58%        6d15      1%          6
 Orb of Destruction       Conj           49%        9d13      1%          7
 Slow                     Hex            100%       N/A       2%          1
 Sting                    Tmut/Pois      100%       1d8       2%          1
 Passage of Golubria      Tloc           55%        N/A       2%          4
 Summon Ice Beast         Ice/Summ       54%        N/A       2%          4
 Necrotise                Necr           100%       1d9       3%          1
 Summon Small Mammal      Summ           100%       N/A       3%          1
 Passwall                 Tmut/Erth      26%        N/A       3%          2
 Ignition                 Fire           55%        3d15      5%          8
 Metabolic Englaciation   Hex/Ice        27%        N/A       6%          5
 Confusing Touch          Hex            32%        N/A       7%          3
 Sigil of Binding         Hex            32%        N/A       7%          3
 Tukima's Dance           Hex            32%        N/A       7%          3
 Dimensional Bullseye     Hex/Tloc       22%        N/A       7%          4
 Summon Guardian Golem    Hex/Summ       30%        N/A       8%          3
 Vampiric Draining        Necr           59%        2d10      10%         3
 Spellforged Servitor     Conj/Summ      36%        N/A       14%         7
 Leda's Liquefaction      Hex/Erth       16%        N/A       21%         4
 Ozocubu's Refrigeration  Ice            35%        4d15      21%         7
 Cause Fear               Hex            16%        N/A       22%         4
 Anguish                  Hex/Necr       31%        N/A       26%         4
 Animate Armour           Summ/Erth      62%        N/A       26%         4
 Fire Storm               Conj/Fire      58%        8d15      26%         9
 Olgreb's Toxic Radiance  Pois           30%        N/A       28%         4
 Dispersal                Tloc           27%        N/A       34%         6
 Lee's Rapid Deconstruct  Erth           16%        3d10*     50%         5
 Yara's Violent Unravell  Hex/Tmut       15%        3d8       56%         5
 Summon Mana Viper        Hex/Summ       30%        N/A       58%         5
 Death Channel            Necr           29%        N/A       99%         6
 Eringya's Noxious Bog    Tmut/Pois      15%        4d6       99%         6
 Summon Cactus Giant      Summ           14%        N/A       99%         6
 Enfeeble                 Hex            16%        N/A       100%        7
 Haunt                    Necr/Summ      29%        N/A       100%        7
 Monstrous Menagerie      Summ           14%        N/A       100%        7
 Summon Hydra             Summ           14%        N/A       100%        7
 Discord                  Hex            16%        N/A       100%        8
 Disjunction              Tloc           27%        N/A       100%        8
 Summon Horrible Things   Summ           14%        N/A       100%        8
 Dragon's Call            Summ           14%        N/A       100%        9
 Shatter                  Erth           16%        3d16*     100%        9
 Sublimation of Blood     Necr           Unusable   N/A       N/A         2
 Wereblood                Tmut           Unusable   N/A       N/A         2
 Borgnjor's Revivificati  Necr           Unusable   N/A       N/A         8
 Death's Door             Necr           Unusable   N/A       N/A         9

Dungeon Overview and Level Annotations

Branches:
Dungeon (15/15)            Temple (1/1) D:4            Lair (5/5) D:9
 Shoals (4/4) Lair:3        Snake (4/4) Lair:2        Slime (5/5) Lair:4
    Orc (2/2) D:12            Elf (3/3) Orc:2        Vaults (4/5) D:14
  Crypt (0/3) Vaults:3     Depths (4/4) D:15            Zot (5/5) Depths:4
  IceCv (visited)          WizLab (visited)

Altars:
Ashenzari
Cheibriados
Dithmenos
Fedhas
Gozag
Hepliaklqana
Kikubaaqudgha
Makhleb
Nemelex Xobeh
Okawaru
Qazlal
Ru
Sif Muna
Trog
Uskayaw
Vehumet
Wu Jian
Xom
Yredelemnul
Jiyva

Shops:
D:3 *   D:12 *   Orc:2 =!(*   Elf:2 ![!   Snake:2 :*   Snake:3 ?[[*   Snake:4 *
Vaults:4 !   Depths:1 !   Depths:4 (*[?*

Portals:
Hell: Depths:1 Depths:2 Depths:3 Depths:4
Abyss: Depths:3
Pandemonium: Depths:2 Depths:4
Ziggurat: Depths:3

Annotations:
D:2 1 runed translucent door, Crazy Yiuf, Sigmund
Lair:3 1 runed translucent door
Elf:2 3 runed translucent doors
Vaults:1 2 transporters, Fauhuump's ghost, adept TeAE
Zot:3 2 transporters
Zot:5 exclusion: orange crystal statue


Innate Abilities, Weirdness & Mutations

You are immune to poison.
Your flesh is cold resistant. (rC+)
You are immune to negative energy. (rN+++)
You are immune to unholy pain and torment.
You are vulnerable to heat. (rF-)
You are strongly in touch with the powers of death.
You do not drink.
You have a special connection with the divine. (Faith)


Message History

Aim: Dokhik, armed with a distorting touch (almost dead, blind)
The roots erupt in riotous growth!
Roots grab Dokhik.
The grasping roots constrict Dokhik!
You kill Dokhik!
There is an open door here.
There is a stone staircase leading up here.
You start resting.
A profane servitor comes into view.
It is wielding a +3 demon whip of freezing.
You climb upwards.
There is a stone staircase leading down here.
What level of the Dungeon? (default 10, ? - help) HP restored.
There is a stone staircase leading up here.
You climb upwards.
There is a stone staircase leading down here.
Things that are here:
a +0 robe; a +0 dagger
Things that are here:
a +0 ring mail; a +0 falchion of freezing
Things that are here:
a +0 robe; a +0 dagger
There is a stone staircase leading up here.
You climb upwards.
There is a stone staircase leading down here.
There is a stone staircase leading up here.
You climb upwards.
There is a stone staircase leading down here.
A tormentor comes into view.
The tormentor moves out of view.
A cacodemon and 2 sixfirhies come into view.
The sixfirhy hits you but does no damage.
There is a stone staircase leading up here.
Casting: Plasma Beam (safe; 1% risk of failure)
Confirm with . or Enter, or press ? or * to list all spells.
You feel a surge of power! Lightning arcs from your hands!
The bolt of lightning hits the cacodemon!!!
The cacodemon resists.
The cacodemon is severely wounded.
The bolt of lightning hits you! You resist.
The bolt of lightning hits the sixfirhy!
The sixfirhy resists.
The sixfirhy is moderately wounded.
The bolt of lightning hits the sixfirhy!!
The sixfirhy resists.
The sixfirhy is heavily wounded.
The bolt of lightning hits the tormentor!
The tormentor is moderately wounded.
You block the sixfirhy's attack. The sixfirhy hits you.
The sixfirhy shocks you. You resist. The sixfirhy barely misses you.
The sixfirhy closely misses you. The sixfirhy misses you.
The cacodemon gestures at you. The bolt of energy hits you!!
Casting: Chain Lightning (dangerous; 7% risk of failure)
Confirm with . or Enter, or press ? or * to list all spells.
You feel a surge of power! Lightning arcs from your hands!
The bolt of lightning hits the sixfirhy!!!
The sixfirhy resists.
You kill the sixfirhy!
The bolt of lightning hits you! You resist.
The bolt of lightning hits the sixfirhy!!
The sixfirhy resists.
You kill the sixfirhy!
The bolt of lightning hits the cacodemon!!
The cacodemon resists.
You kill the cacodemon!
You climb upwards.
There is a stone staircase leading down here.
There is a stone staircase leading up here.
You climb upwards.
There is a stone staircase leading down here.
A demonspawn corrupter and a cacodemon come into view.
The demonspawn corrupter moves out of view.
The cacodemon gestures at the translucent rock wall.
Some rock shatters into small pieces.
Some rock shatters into small pieces.
There is a stone staircase leading up here.
You climb upwards.
There is a stone staircase leading down here.
A tormentor comes into view.
There is a stone staircase leading up here.
You climb upwards.
Level annotation: 1 runed translucent door, Crazy Yiuf, Sigmund
There is a stone staircase leading down here.
There is a stone staircase leading up here.
You climb upwards.
There is a stone staircase leading down here.
You see here a +0 mace.
A Brimstone Fiend comes into view.
Casting: Chain Lightning (dangerous; 7% risk of failure)
Confirm with . or Enter, or press ? or * to list all spells.
You feel a surge of power! Lightning arcs from your hands!
The bolt of lightning hits the Brimstone Fiend!!!!!
You kill the Brimstone Fiend!
The bolt of lightning hits you. You resist.
There is an open door here.
There is a staircase leading out of the dungeon here.
Enter note: gg Unknown command.
You have escaped!

...#..#....P)P.#..#
...#..#...P....#..#
...#..#....P...#..#
.!........P.P..#..#
...........8..8##(#
.........#######..##
..............#....#
♣♣♣♣..........'....#
♣♣♣...#######@.##
♣♣♣♣♣ #### ######
.....### .......#
.......# .......#
.[.....# .....[.#


There were no monsters in sight!

Vanquished Creatures
  the Royal Jelly (Slime:5)
  A pandemonium lord (D:10)
  Mara (Depths:2)
  2 ancient liches (Zot:5)
  A dread lich (Zot:5)
  6 orbs of fire
  2 juggernauts (Depths:4)
  A royal mummy (WizLab)
  The ghost of Dety Ygi the Executioner, a veteran MiMo of Trog (Zot:3)
  11 Killer Klowns
  3 caustic shrikes (Depths:4)
  2 curse toes
  8 golden dragons
  Xtahua (Vaults:3)
  Nikola (Elf:1)
  3 electric golems
  Norris (Vaults:2)
  3 doom hounds (Depths:1)
  A Tzitzimitl (Depths:1)
  4 bone dragons (Depths:1)
  A Brimstone Fiend (D:1)
  14 tentacled monstrosities
  Mlioglotl (Shoals:1)
  26 Orb Guardians
  Grunn (Depths:2)
  2 deep elf blademasters (Elf:3)
  4 liches
  2 deep elf master archers (Elf:3)
  8 quicksilver dragons
  14 acid blobs
  An ancient champion (Vaults:3)
  2 krakens (Shoals:2)
  7 sphinxes
  2 Executioners
  10 death cobs
  Polyphemus (Shoals:3)
  2 shadow dragons
  5 tengu reavers
  13 storm dragons
  Ilsuiw (Shoals:3)
  7 azure jellies
  11 rockslimes
  8 nagarajas
  Aizul (Snake:1)
  Donald (Snake:3)
  8 draconian monks
  An iron dragon (Depths:2)
  6 fire giants
  9 vault wardens
  7 deep elf elementalists (Elf:3)
  11 frost giants
  12 draconian knights
  Louise (D:14)
  5 ghost moths
  A balrug (Zot:4)
  5 deep elf sorcerers
  3 cacodemons
  8 draconian shifters
  The ghost of littlecub the Fighter, a journeyman DsGl of Hepliaklqana (Snake:2)
  12 draconian scorchers
  13 draconian annihilators
  7 draconian stormcallers
  22 ironbound preservers
  7 formless jellyfish
  6 vampire knights
  10 stone giants
  2 reapers
  11 very ugly things
  Nessos (Lair:5)
  3 ironbound thunderhulks (Vaults:3)
  10 quicksilver oozes
  2 war gargoyles (Vaults:2)
  12 green draconians
  9 deep elf demonologists
  10 white draconians
  17 red draconians
  6 black draconians
  5 spark wasps
  3 dire elephants (Vaults:3)
  7 deep elf annihilators (Elf:3)
  8 purple draconians
  A putrid mouth (Depths:1)
  19 yellow draconians
  2 mummy priests (WizLab)
  3 deep elf death magi
  The ghost of Cinolulu the Thaumaturge, a journeyman DEIE of Sif Muna (Orc:1)
  8 ettins
  6 merfolk javelineers
  10 merfolk impalers
  7 fire dragons
  Josephine (Lair:5)
  6 deep elf high priests
  10 vault guards
  An entropy weaver (Vaults:4)
  4 yaktaur captains
  13 great orbs of eyes
  3 hydras
  A hell beast (Depths:4)
  A rakshasa (Depths:1)
  6 spriggan air magi
  5 ogre magi
  A caustic shrike simulacrum (IceCv)
  2 salamander tyrants
  6 ice dragons
  9 centaur warriors
  Erolcha (D:10)
  A sphinx zombie (WizLab)
  5 catoblepae
  2 peacekeepers
  13 anacondas
  3 merfolk aquamancers
  9 ironbound frosthearts
  An alligator (Shoals:2)
  An alligator snapping turtle (Shoals:3)
  4 boulder beetles
  4 merfolk avatars
  24 two-headed ogres
  11 deep troll shamans
  15 satyrs
  8 dancing weapons
  10 tengu warriors
  2 vampire magi
  11 naga warriors
  7 deep troll earth magi
  A titan zombie (WizLab)
  12 shock serpents
  5 hell knights (Depths:4)
  9 death yaks
  Urug (D:10)
  A soul eater (Depths:4)
  Nergalle (Orc:1)
  16 naga sharpshooters
  An occultist (Depths:2)
  14 deep elf knights
  4 sun demons
  A storm dragon zombie (WizLab)
  8 spriggan berserkers
  11 skysharks
  5 sixfirhies
  5 salamander mystics
  5 skeletal warriors (D:13)
  2 iron trolls
  A spark wasp zombie (Depths:1)
  6 naga ritualists
  A storm dragon skeleton (Depths:1)
  48 deep trolls
  4 glowing orange brains
  A shadow dragon zombie (WizLab)
  12 harpies
  A shadow demon (Depths:4)
  13 deep elf archers
  An obsidian statue (Zot:5)
  20 sea snakes
  A flayed ghost (Depths:2)
  2 orange crystal statues
  4 arcanists
  18 ironbound convokers
  2 phantasmal warriors (Depths:3)
  23 ugly things
  33 deep elf pyromancers
  19 deep elf zephyrmancers
  6 necromancers
  7 lindwurms
  6 oklob plants
  2 frost giant zombies (WizLab)
  23 moths of wrath
  An orc sorcerer (Orc:2)
  7 cyclopes
  17 manticores
  A human zombie (WizLab)
  20 fauns
  2 shining eyes (Depths:3)
  22 salamanders
  12 mana vipers
  2 stone giant zombies
  A fire giant zombie (WizLab)
  A large abomination (D:14)
  9 merfolk sirens
  2 kobold blastminers (Orc:2)
  An eye of devastation (Slime:3)
  21 elephants
  7 guardian serpents
  11 vault sentinels
  2 frost giant skeletons (Depths:1)
  8 water nymphs
  A gargoyle (D:7)
  31 black mambas
  15 naga magi
  3 torpor snails
  A demonspawn zombie (WizLab)
  An orange demon (Depths:2)
  8 cane toads
  2 unseen horrors (D:12)
  Maggie (D:7)
  7 rime drakes
  A hellion (D:14)
  18 yaktaurs
  10 komodo dragons
  6 tormentors (Depths:1)
  A freezing wraith (Vaults:3)
  7 tengu conjurers
  A golden dragon simulacrum (IceCv)
  41 merfolk
  A meliai (shapeshifter) (D:14)
  5 trolls
  2 polar bears
  An alligator simulacrum (IceCv)
  2 glass eyes
  5 wind drakes
  3 meliai (D:14)
  Grinder (D:3)
  7 dream sheep
  15 blink frogs
  A fire giant simulacrum (Depths:1)
  66 slime creatures
  A spriggan zombie (Depths:1)
  A frost giant simulacrum (Depths:1)
  An air elemental (Elf:1)
  13 snapping turtles
  2 shadows (D:11)
  A vampire (D:10)
  31 water elementals
  A basilisk (shapeshifter) (D:14)
  7 wraiths
  10 basilisks
  6 fire bats (Depths:1)
  13 humans
  7 wyverns
  54 yaks
  5 fire elementals
  2 steam dragons
  A glowing shapeshifter zombie (WizLab)
  A harpy simulacrum (IceCv)
  A warg (Orc:2)
  4 vampire mosquitoes (D:10)
  2 acid dragons (shapeshifter)
  36 nagas
  2 hydra simulacra (IceCv)
  17 water moccasins
  4 acid dragons
  18 orc warriors
  A sky beast (D:7)
  An ettin simulacrum (IceCv)
  An ice beast (D:6)
  26 ogres
  18 centaurs
  A tengu (shapeshifter) (D:15)
  A centaur (shapeshifter) (D:14)
  6 wolves
  2 kobold brigands
  8 bullfrogs
  4 gnoll sergeants
  3 scorpions (D:5)
  3 earth elementals
  A lindwurm simulacrum (IceCv)
  9 howler monkeys
  10 electric eels
  8 hounds
  15 orc priests
  37 jellies
  2 gnoll boudas (D:7)
  A sleepcap (D:4)
  11 iguanas
  Ijyb (D:7)
  21 orc wizards
  Robin (D:3)
  17 gnolls
  5 adders
  An adder (shapeshifter) (D:15)
  A white imp (D:6)
  2 ufetubi (D:6)
  A worm (D:4)
  5 dart slugs
  46 orcs
  7 bats
  24 endoplasms
  3 giant cockroaches
  17 goblins
  6 hobgoblins
  A hobgoblin (shapeshifter) (Depths:3)
  A jackal (shapeshifter) (D:14)
  4 jackals
  2 quokkas (D:1)
  7 ball pythons
  A ball python (shapeshifter) (Depths:2)
  A bat (shapeshifter) (D:15)
  2 frilled lizards
  25 kobolds
  5 rats
  5 tentacles (Shoals:2)
2107 creatures vanquished.

Vanquished Creatures (collateral kills)
  A Killer Klown (Zot:5)
  A caustic shrike (Depths:4)
  A storm dragon zombie (WizLab)
  A stone giant zombie (WizLab)
  A frost giant zombie (WizLab)
  A demonspawn zombie (WizLab)
6 creatures vanquished.

Vanquished Creatures (others)
  A very ugly thing (Depths:1)
  A purple draconian (Zot:3)
  A yellow draconian (Zot:4)
  A deep elf knight (Elf:1)
  A tormentor (D:14)
  A slime creature (D:13)
  An air elemental (Elf:1)
  An orc priest (Orc:2)
  11 tentacles (Shoals:2)
19 creatures vanquished.

Grand Total: 2132 creatures vanquished

Notes
Turn   | Place    | Note
-------+----------+-------------------------------------------
     0 | D:1      | Flugkiller the Mummy Air Elementalist began the quest for
                  | the Orb.
     0 | D:1      | Reached XP level 1. HP: 13/13 MP: 4/4
   488 | D:1      | Reached XP level 2. HP: 19/19 MP: 3/6
  1263 | D:2      | Reached XP level 3. HP: 24/24 MP: 1/8
  1433 | D:2      | Found a stormy altar of Qazlal.
  1480 | D:2      | Learned a level 2 spell: Static Discharge
  1484 | D:2      | Learned a level 3 spell: Swiftness
  1500 | D:2      | Noticed Sigmund
  2090 | D:2      | You fall into a shaft and drop 2 floors!
  2437 | D:4      | Noticed an ogre
  2543 | D:4      | Found a staircase to the Ecumenical Temple.
  2721 | Temple   | Entered the Ecumenical Temple
  2730 | Temple   | Became a worshipper of Ashenzari the Shackled
  2805 | D:5      | Entered Level 5 of the Dungeon
  2846 | D:4      | Reached XP level 4. HP: 27/30 MP: 2/10
  3170 | D:4      | Reached XP level 5. HP: 23/35 MP: 3/11
  3416 | D:4      | Noticed an orc warrior
  3504 | D:4      | Killed an orc warrior
  3505 | D:4      | Reached skill level 5 in Air Magic
  3505 | D:4      | Reached XP level 6. HP: 41/41 MP: 0/12
  3845 | D:4      | Found a large runed translucent door.
  3846 | D:4      | Found a large runed translucent door.
  4213 | D:4      | Found a sparkling altar of Nemelex Xobeh.
  4217 | D:4      | Found a shimmering altar of Xom.
  4265 | D:3      | Noticed Grinder
  4354 | D:4      | Learned a level 4 spell: Airstrike
  4539 | D:3      | Killed Grinder
  4540 | D:3      | Reached skill level 5 in Spellcasting
  4540 | D:3      | Reached XP level 7. HP: 40/46 MP: 10/15
  4644 | D:3      | Found Kiutu's Assorted Antiques.
  4659 | D:3      | Bought a scroll labelled REIZALU VOSHUA for 26 gold pieces
  4659 | D:3      | Bought a scroll labelled LAUTUTR QESKA for 26 gold pieces
  4659 | D:3      | Bought a crooked bone wand for 104 gold pieces
  4708 | D:3      | Found a faded altar of an unknown god.
  4747 | D:3      | Noticed Robin
  4763 | D:3      | Killed Robin
  5084 | D:3      | Found a burning altar of Makhleb.
  5123 | D:3      | Reached * piety under Ashenzari
  5137 | D:3      | Identified the +0 robe "Peubuis" {Dex+4}
  5216 | D:3      | Identified the +7 ring mail of the Leaf {rPois rN+}
  5386 | D:3      | Learned a level 5 spell: Freezing Cloud
  5594 | D:2      | Found a runed translucent door.
  5595 | D:2      | Noticed Crazy Yiuf
  6000 | D:5      | Identified the +8 quarterstaff of Evisceration {holy, Dex+7
                  | Stlth+}
  6132 | D:5      | Reached skill level 1 in Evocations
  6132 | D:5      | Reached skill level 1 in Conjurations
  6132 | D:5      | Reached ** piety under Ashenzari
  6365 | D:5      | Found a snail-covered altar of Cheibriados.
  6390 | D:5      | Reached skill level 2 in Conjurations
  6451 | D:5      | Reached XP level 8. HP: 53/54 MP: 11/19
  6911 | D:6      | Reached skill level 1 in Fighting
  7011 | D:6      | Reached skill level 1 in Ice Magic
  8003 | D:7      | Noticed Maggie
  8007 | D:7      | Killed Maggie
  8117 | D:7      | Found a stormy altar of Qazlal.
  8123 | D:7      | Noticed a gargoyle
  8128 | D:7      | Killed a gargoyle
  8129 | D:7      | Reached XP level 9. HP: 65/65 MP: 8/21
  8243 | D:7      | Noticed Ijyb
  8252 | D:7      | Found the +5 woodcutter's axe
  8570 | D:7      | Found a blossoming altar of Fedhas.
  8574 | D:7      | Killed Ijyb
  8766 | D:7      | Reached skill level 3 in Conjurations
  9126 | D:7      | Reached XP level 10. HP: 65/71 MP: 8/24
  9233 | D:7      | Reached skill level 5 in Ice Magic
  9594 | D:7      | Found a bloodstained altar of Trog.
 10016 | D:8      | Found an ornate altar of the Wu Jian Council.
 10479 | D:8      | Reached skill level 10 in Spellcasting
 11261 | D:9      | Noticed a two-headed ogre
 11266 | D:9      | Killed a two-headed ogre
 11458 | D:9      | Learned a level 3 spell: Frozen Ramparts
 11499 | D:9      | Found a staircase to the Lair.
 11544 | D:9      | Reached skill level 5 in Dodging
 11796 | D:9      | Found a shimmering blue altar of Sif Muna.
 12294 | D:10     | Entered Level 10 of the Dungeon
 12309 | D:10     | Found a basalt altar of Yredelemnul.
 12325 | D:10     | Reached skill level 4 in Conjurations
 12436 | D:10     | Reached *** piety under Ashenzari
 12493 | D:10     | Found a shadowy altar of Dithmenos.
 12603 | D:10     | Reached XP level 11. HP: 83/83 MP: 17/27
 12629 | D:10     | Noticed Erolcha
 12902 | D:10     | Killed Erolcha
 12903 | D:10     | Reached skill level 1 in Armour
 13017 | D:10     | Found a radiant altar of Vehumet.
 13034 | D:10     | Noticed a two-headed ogre
 13051 | D:10     | Killed a two-headed ogre
 13276 | D:10     | Noticed Urug
 13279 | D:10     | Killed Urug
 13809 | D:11     | Found an iron altar of Okawaru.
 13812 | D:11     | Reached skill level 5 in Fighting
 14274 | D:11     | Noticed a boulder beetle
 14322 | D:11     | Killed a boulder beetle
 14860 | Lair:1   | Entered Level 1 of the Lair of Beasts
 14953 | Lair:1   | Noticed a boulder beetle
 15036 | Lair:1   | Killed a boulder beetle
 15291 | Lair:1   | Reached XP level 12. HP: 80/92 MP: 11/28
 15602 | Lair:1   | Identified the +1 plate armour of Fortitude {+Blink}
 16343 | Lair:1   | Noticed a four-headed hydra
 16351 | Lair:1   | Killed a four-headed hydra
 16797 | Lair:2   | Reached **** piety under Ashenzari
 17781 | Lair:2   | Learned a level 4 spell: Iskenderun's Mystic Blast
 17781 | Lair:2   | Noticed a death yak
 17791 | Lair:2   | Killed a death yak
 17792 | Lair:2   | Reached skill level 5 in Conjurations
 18695 | Lair:2   | Found a staircase to the Snake Pit.
 18909 | Lair:2   | Reached skill level 6 in Conjurations
 18964 | Lair:3   | Noticed a seven-headed hydra
 18971 | Lair:3   | Killed a seven-headed hydra
 18972 | Lair:3   | Gained mutation: You are strongly in touch with the powers
                  | of death. [Mummy growth]
 18972 | Lair:3   | Reached XP level 13. HP: 98/106 MP: 19/32
 19205 | D:12     | Found Lian's Assorted Antiques.
 19302 | D:12     | Reached skill level 1 in Translocations
 19601 | D:12     | Found a staircase to the Orcish Mines.
 20719 | Orc:1    | Entered Level 1 of the Orcish Mines
 20730 | Orc:1    | Noticed Nergalle
 20867 | Orc:1    | Killed Nergalle
 21290 | Orc:2    | Entered Level 2 of the Orcish Mines
 21730 | Orc:2    | Reached skill level 5 in Armour
 22640 | Orc:2    | Found Gyreutseys's Jewellery Emporium.
 22640 | Orc:2    | Found Defi's Distillery.
 22641 | Orc:2    | Found Poifum's Antique Weapon Shop.
 22641 | Orc:2    | Found Xamoega's Assorted Antiques.
 22649 | Orc:2    | Bought a scroll labelled UDUDELOCAN for 38 gold pieces
 22681 | Orc:2    | Found a staircase to the Elven Halls.
 22734 | Orc:2    | Reached skill level 5 in Evocations
 22734 | Orc:2    | Reached XP level 14. HP: 95/115 MP: 11/34
 23458 | Lair:3   | Identified the +1 helmet "Seluxopt" {rPois rF- SInv}
 23808 | Lair:3   | Found a runed translucent door.
 23867 | Lair:3   | Identified the +8 spear "Agodics" {venom, Str+5}
 24216 | Lair:3   | Found a staircase to the Shoals.
 24716 | Lair:4   | Reached skill level 7 in Conjurations
 25041 | Lair:4   | Found a viscous altar of Jiyva.
 25050 | Lair:4   | Found a staircase to the Slime Pits.
 25517 | Lair:4   | Reached skill level 8 in Conjurations
 25817 | Lair:5   | Entered Level 5 of the Lair of Beasts
 25859 | Lair:5   | Reached skill level 1 in Fire Magic
 25985 | Lair:4   | Learned a level 5 spell: Fireball
 26250 | Lair:5   | Noticed Nessos
 26254 | Lair:5   | Noticed Josephine
 26264 | Lair:5   | Killed Nessos
 26266 | Lair:5   | Killed Josephine
 26539 | Lair:5   | Reached skill level 5 in Fire Magic
 27248 | Lair:5   | Learned a level 6 spell: Plasma Beam
 27562 | Lair:5   | Identified the +1 chain mail "Rezyget" {rF+ rC- rN+}
 28417 | Lair:5   | Reached XP level 15. HP: 118/118 MP: 27/34
 28635 | Lair:5   | Learned a level 5 spell: Arcjolt
 28968 | D:13     | Identified the +0 cloak of the Ecumenical Temple {Int+4
                  | Stlth+}
 29453 | D:13     | Reached skill level 10 in Air Magic
 29973 | D:13     | Found a portal to a secret trove of treasure.
 30061 | D:13     | Reached ***** piety under Ashenzari
 30591 | D:14     | Noticed Louise
 30593 | D:14     | Killed Louise
 30877 | D:14     | Found a gate to the Vaults.
 31299 | D:14     | Identified the +0 robe of Dussaki {Harm rElec rN+ Stlth-}
 31352 | D:15     | Entered Level 15 of the Dungeon
 31773 | D:15     | Reached ****** piety under Ashenzari
 32622 | D:15     | Found a staircase to the Depths.
 32917 | Orc:1    | Found a transporter.
 32917 | Orc:1    | Noticed Cinolulu's ghost (journeyman DEIE)
 32997 | Orc:1    | Found a transporter.
 33006 | Orc:1    | Reached skill level 10 in Armour
 33009 | Orc:1    | Killed Cinolulu's ghost
 33346 | Shoals:1 | Entered Level 1 of the Shoals
 33675 | Shoals:1 | Found a frozen archway.
 33684 | IceCv    | Entered an ice cave
 33852 | IceCv    | Found a transporter.
 33859 | IceCv    | Found a transporter.
 33913 | Shoals:1 | Reached XP level 16. HP: 92/132 MP: 1/37
 34440 | Shoals:1 | Reached skill level 10 in Fighting
 35006 | Shoals:2 | Noticed Mlioglotl
 35154 | Shoals:1 | Killed Mlioglotl
 36634 | Shoals:2 | Noticed a kraken
 36746 | Shoals:2 | Reached skill level 15 in Spellcasting
 36904 | Shoals:2 | Killed a kraken
 37115 | Shoals:2 | Noticed a kraken
 37122 | Shoals:2 | Killed a kraken
 37560 | Shoals:3 | Noticed Polyphemus
 37672 | Shoals:3 | Killed Polyphemus
 38121 | Shoals:3 | Noticed Ilsuiw
 38446 | Shoals:3 | Killed Ilsuiw
 38736 | Shoals:3 | Reached XP level 17. HP: 142/142 MP: 11/42
 39687 | Shoals:4 | Entered Level 4 of the Shoals
 39687 | Shoals:4 | Identified a scroll of acquirement
 40879 | Shoals:4 | Noticed a sphinx
 40882 | Shoals:4 | Killed a sphinx
 41162 | Shoals:4 | Identified the +7 arbalest of the Lame Duck {flame, rF-
                  | Will++ MP+9}
 41420 | Shoals:4 | Noticed a sphinx
 41424 | Shoals:4 | Killed a sphinx
 41565 | Shoals:4 | Identified Sigh's Vellum of the Jinx
 41567 | Shoals:4 | Noticed a sphinx
 41569 | Shoals:4 | Killed a sphinx
 41570 | Shoals:4 | Noticed a sphinx
 41577 | Shoals:4 | Killed a sphinx
 41809 | Shoals:4 | Got a barnacled rune of Zot
 41977 | Snake:1  | Entered Level 1 of the Snake Pit
 42060 | Snake:1  | Reached skill level 1 in Staves
 42606 | Snake:1  | Identified the staff "Gyarph" {rPois rC++ Dex+3 Poison}
 42812 | Snake:1  | Identified the serpent talisman "Qiysch" {*Slow rElec Str+3
                  | Int+3}
 42812 | Snake:1  | Noticed Aizul
 42815 | Snake:1  | Killed Aizul
 43903 | Snake:2  | Noticed littlecub's ghost (journeyman DsGl)
 43903 | Snake:2  | Found a runed translucent gate.
 43903 | Snake:2  | Found a runed translucent gate.
 43903 | Snake:2  | Found a runed translucent gate.
 44071 | Snake:2  | Found Salleife's General Store.
 44076 | Snake:2  | Bought a scroll of fear for 56 gold pieces
 44172 | Snake:2  | Reached XP level 18. HP: 149/149 MP: 31/44
 44356 | Snake:2  | Found Ytenoepn's Tiny Tomes.
 44960 | Snake:2  | Killed littlecub's ghost
 45401 | Snake:3  | Reached skill level 5 in Staves
 45579 | Snake:3  | Found Yrewas's Assorted Antiques.
 45582 | Snake:3  | Found Ehoeh's Armour Boutique.
 45924 | Snake:3  | Noticed Donald
 45925 | Snake:3  | Killed Donald
 46058 | Snake:3  | Found Quelo Virphist's Antique Armour Shop.
 46138 | Snake:3  | Bought a slimy ring mail for 360 gold pieces
 46138 | Snake:3  | Identified the +0 ring mail of Anaesthesia {rC++} (You
                  | bought it in a shop on level 3 of the Snake Pit)
 46512 | Snake:3  | Paralysed by a Zot trap for 3 turns
 46792 | Snake:3  | Found Muyrre Zimir's Magic Scroll Shoppe.
 46801 | Snake:3  | Bought a scroll of fear for 72 gold pieces
 46832 | Snake:3  | Bought a scroll of fog for 72 gold pieces
 46832 | Snake:3  | Bought a scroll of teleportation for 54 gold pieces
 47024 | Snake:4  | Entered Level 4 of the Snake Pit
 48973 | Snake:4  | Reached skill level 10 in Staves
 49135 | Snake:4  | Found Cufoq's Neck Hole.
 49300 | Snake:4  | Reached skill level 10 in Fire Magic
 49581 | Snake:4  | Reached XP level 19. HP: 155/155 MP: 21/45
 49703 | Snake:4  | Got a serpentine rune of Zot
 50118 | Elf:1    | Entered Level 1 of the Elven Halls
 50123 | Elf:1    | Noticed Nikola
 51049 | Elf:1    | Killed Nikola
 51328 | Elf:1    | Paralysed by an air elemental for 1 turns
 52038 | Elf:1    | Identified Sif Muna's Codex of the Allied Barrage
 52357 | Elf:2    | Found Muotasu's Armour Emporium.
 53082 | Elf:2    | Found Diutus's Distillery.
 53190 | Elf:2    | Identified the +4 scale mail "Duemojon" {rC+}
 53417 | Elf:2    | Found Poufrumi's Distillery.
 53509 | Elf:2    | Found a runed translucent gate.
 53509 | Elf:2    | Found a runed translucent gate.
 53511 | Elf:2    | Found a runed translucent gate.
 53644 | Elf:3    | Entered Level 3 of the Elven Halls
 54318 | Elf:3    | Identified the +11 spear of Reason {elec, Str+4}
 54988 | Elf:3    | Identified the ring of Feleiton {Ice Str+2}
 55039 | Elf:3    | Identified the amulet "Fiterph" {Reflect Dex+2 SH+5}
 55143 | Elf:3    | Identified the orb "Uschiq" {mayhem, rElec rC- Dex+4 SInv}
 55474 | Elf:3    | Identified the +3 leather armour "Nokkil" {Will+}
 55532 | Elf:3    | Reached XP level 20. HP: 135/162 MP: 5/46
 55825 | Elf:3    | Identified the staff of Lylojis {*Slow +Blink rC+ Dex+5
                  | Ice}
 55927 | Elf:3    | Learned a level 9 spell: Chain Lightning
 56303 | Snake:4  | Bought a scarf of resistance for 576 gold pieces
 56349 | Snake:3  | Bought a pair of runed boots for 300 gold pieces
 56659 | Vaults:1 | Entered Level 1 of the Vaults
 58262 | Vaults:1 | Noticed Fauhuump's ghost (adept TeAE)
 58263 | Vaults:1 | Found a transporter.
 58281 | Vaults:1 | Identified the Thoughts on the Dark Anticline
 58309 | Vaults:1 | Noticed a dread lich
 58310 | Vaults:1 | Found a transporter.
 58644 | Vaults:2 | Noticed Norris
 58650 | Vaults:2 | Reached skill level 9 in Conjurations
 59615 | Vaults:2 | Killed Norris
 59778 | Vaults:2 | Identified the staff of Sufirat {Fragile rPois Will+++
                  | Str-2 Conj}
 60064 | Vaults:2 | Identified the +0 tower shield of the Armoured One {rC+
                  | Int+3}
 60495 | Snake:4  | Bought an amulet of regeneration for 540 gold pieces
 61146 | Vaults:2 | Reached skill level 10 in Conjurations
 62640 | Vaults:3 | Found a radiant altar of Vehumet.
 62666 | Vaults:3 | Identified the +0 hat of the Mackerel {rF- Str+4 Dex+4}
 63015 | Vaults:3 | Reached skill level 11 in Conjurations
 63016 | Vaults:3 | Noticed Xtahua
 63020 | Vaults:3 | Killed Xtahua
 63021 | Vaults:3 | Reached skill level 15 in Air Magic
 63181 | Vaults:3 | Reached XP level 21. HP: 103/166 MP: 13/46
 63560 | Vaults:3 | Found a staircase to the Crypt.
 63799 | Vaults:4 | Identified the +0 glaive "Izonedd" {heavy, rElec Will+
                  | Str-3}
 64616 | Vaults:4 | Reached skill level 12 in Conjurations
 64930 | Vaults:4 | Found Hinlet's Distillery.
 65656 | Vaults:4 | Identified the +1 pair of gloves of Divine Intervention
                  | {rF++ Str-2}
 66089 | Slime:1  | Entered Level 1 of the Pits of Slime
 66601 | Depths:1 | Entered Level 1 of the Depths
 66610 | Depths:1 | Found a gateway to Hell.
 67314 | Depths:1 | Reached skill level 13 in Conjurations
 68123 | Depths:1 | Found Poakhaof's Distillery.
 68597 | Depths:1 | Reached XP level 22. HP: 171/175 MP: 9/48
 68792 | Depths:2 | Noticed Grunn
 69275 | Depths:2 | Killed Grunn
 69610 | Depths:2 | Reached skill level 14 in Conjurations
 69611 | Depths:2 | Noticed Mara
 69652 | Depths:2 | Killed Mara
 71460 | Depths:2 | Identified the +2 robe of the King of the Hill {Drain
                  | Dex+5}
 71810 | Depths:2 | Identified the +5 scimitar "Eqaimait" {elec, Dex+3}
 71850 | Depths:2 | Reached skill level 15 in Conjurations
 72060 | Depths:2 | Found a one-way gate leading to the halls of Pandemonium.
 72477 | Depths:2 | Identified the Handbook of Vexing Ice
 72477 | Depths:2 | Identified Motwicou's Collected Works on Attacks
 72684 | Depths:3 | Found a magical portal.
 72704 | WizLab   | Entered Doroklohe's Tomb
 73009 | WizLab   | Noticed a royal mummy
 73018 | WizLab   | Killed a royal mummy
 73424 | D:13     | You paid a toll of 2 scrolls of acquirement to enter a
                  | treasure trove
 73425 | Trove    | Entered a treasure trove
 73431 | Trove    | Identified the Reference Book on Haze and the Winter
 73432 | Trove    | Identified the Papyrus of the Undead and Shaping
 73432 | Trove    | Identified the Textbook on Unlucky Vapour
 73434 | Trove    | Identified Roxoffas's Directory of Hyperthermia and
                  | Obstruction
 73449 | Trove    | Identified Sif Muna's Guidebook on Bruises
 73451 | Trove    | Identified Unwulenu's Tractate on Sweltering Coordinates
 73623 | Depths:1 | Learned a level 5 spell: Irradiate
 74446 | Slime:4  | Reached XP level 23. HP: 181/181 MP: 31/49
 74602 | Slime:5  | Entered Level 5 of the Pits of Slime
 74602 | Slime:5  | Identified the staff "Bomufuf" {rN+ Dex+3 Necro}
 74602 | Slime:5  | Identified the Elucidation of the Shadowy Winter
 74603 | Slime:5  | Found a viscous altar of Jiyva.
 74895 | Slime:5  | Noticed the Royal Jelly
 74901 | Slime:5  | Killed the Royal Jelly
 75499 | Slime:5  | Got a slimy rune of Zot
 75554 | Slime:5  | Identified the staff "Dyus" {Str+5 Conj}
 75691 | Slime:5  | Identified the +3 plate armour of Inevitability {Rampage
                  | rPois rC++}
 76365 | Depths:3 | Reached skill level 16 in Conjurations
 76407 | Depths:3 | Found a one-way gateway to a ziggurat.
 77477 | Depths:3 | Found a one-way gate to the infinite horrors of the Abyss.
 77983 | Depths:4 | Entered Level 4 of the Depths
 78264 | Depths:4 | Found Odadoj's General Store.
 78482 | Depths:4 | Noticed a caustic shrike
 78486 | Depths:4 | Noticed a caustic shrike
 78487 | Depths:4 | Noticed a caustic shrike
 78488 | Depths:4 | Killed a caustic shrike
 78488 | Depths:4 | Noticed a caustic shrike
 78491 | Depths:4 | Killed a caustic shrike
 78492 | Depths:4 | Killed a caustic shrike
 78499 | Depths:4 | Killed a caustic shrike
 78990 | Depths:4 | Noticed a juggernaut
 78993 | Depths:4 | Killed a juggernaut
 79175 | Depths:4 | Found a gate to the Realm of Zot.
 79247 | Depths:4 | Found Booror's Weapon Shop.
 79286 | Depths:4 | Found Qeanuow's Magic Scroll Boutique.
 79295 | Depths:4 | Bought a scroll of blinking for 157 gold pieces
 79295 | Depths:4 | Bought a scroll of blinking for 157 gold pieces
 79295 | Depths:4 | Bought a scroll of enchant armour for 157 gold pieces
 79295 | Depths:4 | Bought a scroll of teleportation for 63 gold pieces
 79699 | Depths:4 | Found Veppeum's Assorted Antiques.
 79717 | Depths:4 | Found Omioh's Antique Armour Shop.
 79728 | Depths:4 | Bought a scroll of fear for 116 gold pieces
 79896 | Depths:4 | Noticed a juggernaut
 79914 | Depths:4 | Killed a juggernaut
 80337 | Zot:1    | Entered Level 1 of the Realm of Zot
 80584 | Zot:1    | Noticed a Killer Klown
 80586 | Zot:1    | Reached skill level 17 in Conjurations
 80749 | Depths:4 | Killed a Killer Klown
 80856 | Zot:1    | Noticed a Killer Klown
 80925 | Zot:1    | Killed a Killer Klown
 81062 | Zot:1    | Noticed a Killer Klown
 81065 | Zot:1    | Killed a Killer Klown
 81065 | Zot:1    | Noticed a Killer Klown
 81071 | Zot:1    | Killed a Killer Klown
 82555 | Zot:2    | Reached skill level 18 in Conjurations
 82666 | Zot:2    | Noticed a curse toe
 82681 | Zot:2    | Reached XP level 24. HP: 116/189 MP: 31/49
 84329 | Zot:2    | Reached skill level 19 in Conjurations
 85398 | Zot:3    | Found a transporter.
 85398 | Zot:3    | Found a transporter.
 86714 | Zot:3    | Noticed Dety Ygi's ghost (veteran MiMo)
 86927 | Zot:3    | Reached skill level 20 in Conjurations
 88424 | Zot:3    | Noticed an orb of fire
 88425 | Zot:3    | Noticed an orb of fire
 88734 | Zot:3    | Found a runed translucent door.
 88773 | Zot:3    | Killed Dety Ygi's ghost
 88997 | Zot:3    | Killed an orb of fire
 89344 | Zot:3    | Identified the +10 hand axe "Doasoangeam" {vamp, rN++}
 89520 | Zot:3    | Killed an orb of fire
 89767 | Zot:3    | Reached XP level 25. HP: 197/197 MP: 28/51
 89821 | Zot:3    | Identified the +0 plate armour "Rikliz" {rF+ Str+2}
 89824 | Zot:3    | Found a faded altar of an unknown god.
 89868 | Zot:3    | Identified Boevved's Volume of the Transforming Volcano
 92046 | Zot:3    | Found a transporter.
 92111 | Zot:3    | Found a transporter.
 92279 | Zot:3    | Found a faded altar of an unknown god.
 92971 | Zot:4    | Identified the +8 plate armour of Defence {Rampage Regen+
                  | Dex+3}
 92981 | Zot:4    | Noticed a Killer Klown
 92992 | Zot:4    | Killed a Killer Klown
 94399 | Zot:5    | Entered Level 5 of the Realm of Zot
 95250 | Zot:5    | Noticed a Killer Klown
 95252 | Zot:5    | Killed a Killer Klown
 95314 | Zot:5    | Noticed a Killer Klown
 95317 | Zot:5    | Killed a Killer Klown
 95399 | Zot:5    | Noticed a Killer Klown
 95404 | Zot:5    | Killed a Killer Klown
 95421 | Zot:5    | Noticed an orb of fire
 95439 | Zot:5    | Noticed a Killer Klown
 95444 | Zot:5    | Killed an orb of fire
 95581 | Zot:5    | Killed a Killer Klown
 95720 | Zot:5    | Noticed a Killer Klown
 95734 | Zot:5    | Killed a Killer Klown
 95762 | Zot:5    | Noticed an ancient lich
 95775 | Zot:5    | Killed an ancient lich
 95833 | Zot:5    | Noticed an orb of fire
 95946 | Zot:5    | Killed an orb of fire
 95947 | Zot:5    | Reached skill level 10 in Evocations
 96175 | Zot:5    | Noticed an orb of fire
 96308 | Zot:5    | Killed an orb of fire
 96654 | Zot:5    | Noticed a Killer Klown
 96657 | Zot:5    | Killed a Killer Klown
 96756 | Zot:5    | Noticed a Killer Klown
 96758 | Zot:5    | Killed a Killer Klown
 97098 | Zot:5    | Noticed an ancient lich
 97101 | Zot:5    | Killed an ancient lich
 97278 | Zot:5    | Noticed a dread lich
 97283 | Zot:5    | Killed a dread lich
 97471 | Zot:5    | Noticed an orb of fire
 97477 | Zot:5    | Killed an orb of fire
 97597 | Zot:5    | Reached XP level 26. HP: 215/218 MP: 19/52
 97932 | Zot:5    | Noticed an orb of fire
 97946 | Zot:5    | Got the Orb of Zot
 98369 | D:14     | Noticed Luirgh the pandemonium lord
 98430 | D:11     | Noticed Dokhik the pandemonium lord
 98453 | D:10     | Killed Dokhik the pandemonium lord
 98699 | D:1      | gg
 98700 | D:$      | Escaped with the Orb!

Illustrated notes

...#..#....P)P.#..#
...#..#...P....#..#
...#..#....P...#..#
.!........P.P..#..#
...........8..8##(#
.........#######..##
..............#....#
♣♣♣♣..........'....#
♣♣♣...#######@.##
♣♣♣♣♣ #### ######
.....### .......#
.......# .......#
.[.....# .....[.#


Turn 98699 on D:1: gg

Levels and vault maps discovered:
D:1:      sevenhm_arrival_forest_fort_large_4, layout_basic, st_stairs_13,
          minmay_hedge_maze
D:2:      layout_loops_ring, basic_altar, uniq_crazy_yiuf_cottage, uniq_sigmund
D:3:      layout_basic, mainiacjoe_overflow_tiny_flanked,
          shapermc_ecumenical_altar_starsandcircs, serial_shops,
          nicolae_shop_peninsula, minmay_goblin_kobold_house, uniq_robin,
          uniq_grinder
D:4:      minmay_polygon_palace, layout_cave_pods,
          mainiacjoe_overflow_boulevard, jmf_multi_god_temple2,
          minmay_temple_entry_stoned_glass, serial_co_window_serial,
          co_window_corner_a, co_window_paths_a, co_window_paths_b,
          co_window_paths_a, co_window_paths_a, co_window_cross_3,
          co_window_corner_b, co_window_broadway_a, co_window_broadway_b,
          co_window_corner_b, glass_columns_b, glass_columns_b, glass_columns_b,
          glass_columns_a
D:5:      layout_loops_ring, kennysheep_mini_moat
D:6:      layout_layer_cave, minivault_5
D:7:      erik_cavepeople, layout_rooms, fedhas_altar_1,
          nicolae_qazlal_scattered_showers, trog_butcher_becter, serial_shops,
          shop, minmay_tree_intersection, pf_guarded_unrand_woodcutter,
          uniq_maggie
D:8:      layout_layer_cave, mainiacjoe_overflow_surrounded_room
D:9:      layout_rooms, kennysheep_mini, dpeg_oklobed_lair,
          serial_co_window_serial, co_window_of_opportunity_a,
          co_window_paths_a, co_window_paths_a, co_window_paths_a,
          co_window_paths_a, co_window_cross_4, co_window_cross_4,
          co_window_broadway_a, co_window_corner_cb, co_window_paths_e,
          glass_columns_a, glass_columns_a, glass_columns_b
D:10:     layout_stronghold, nicolae_dithmenos_through_a_glass_darkly,
          mainiacjoe_overflow_catwalk, nicolae_vehumet_radiance,
          mainiacjoe_overflow_alcove_4, uniq_erolcha, uniq_urug
D:11:     layout_irregular_city, okawaru_trees_1
D:12:     layout_loops_ring, david_orc_4, serial_shops, shop, kennysheep_dice
D:13:     layout_basic, serial_bayou, serial_bayou_pond_c, serial_bayou_pond_b,
          serial_bayou_lagoon_a, serial_bayou_lagoon_b, enter_trove_3
D:14:     layout_irregular_city, david_vaults_2, glass_columns_a, minmay_holes,
          uniq_louise
D:15:     gammafunk_enter_depths_forms, layout_cave_pools, serial_column_ruins,
          column_ruins_square_large, column_ruins_hut_pillars,
          column_ruins_open_small_water, column_ruins_columns_straight,
          column_ruins_open_tiny, column_ruins_grid_3, column_ruins_grid_1,
          chequers_hall_statues_y
Temple:   hellmonk_temple_of_storms
Lair:1:   beast_lair_carwin_large_1, layout_chaotic_city, grunt_megastairs_2,
          serial_bayou_shore_b
Lair:2:   nzn_winding_woodlands_medium [nzn_winding_woodlands_hourglass,
          nzn_winding_woodlands_5x15_longhouse,
          nzn_winding_woodlands_5x5_default,
          nzn_winding_woodlands_5x5_open_star,
          nzn_winding_woodlands_center_diamonds,
          nzn_winding_woodlands_5x5_closed_star,
          nzn_winding_woodlands_5x5_checkerboard,
          nzn_winding_woodlands_5x15_twine, nzn_winding_woodlands_5x5_three],
          layout_misc_corridors, alex1729_snake_entry_snake, serial_bayou,
          serial_bayou_ford_a, serial_bayou_pond_e, serial_bayou_pond_d,
          serial_bayou_crossing, chequers_serial_rivers_small_3,
          infiniplex_staircase_pool
Lair:3:   gammafunk_mikee_crab_dinner, layout_gridlike,
          minmay_shoals_entry_lonely_mermaid, nicolae_quartered_pool_super,
          wad_woods_road_03
Lair:4:   lemuel_slime, layout_gridlike, nicolae_slime_entry_field_trip
Lair:5:   evilmike_catoblepas_cave, layout_layer_cave, grunt_megastairs_3,
          uniq_josephine, uniq_nessos
Shoals:1: layout_shoals, portal_ice_cave_entry_pillars_2, argonaut_gorgonesque
Shoals:2: layout_shoals, nicolae_shoals_siren_and_animal_friends, uniq_mlioglotl
Shoals:3: layout_shoals, uniq_polyphemus, uniq_ilsuiw
Shoals:4: shoals_end_hellmonk_lost_city, serial_shops
Snake:1:  layout_chambers, nicolae_snake_flat_spine, nicolae_snake_bzzzt,
          lemuel_fruit_tree, uniq_aizul
Snake:2:  layout_basic, serial_shops, shop, gammafunk_ghost_split,
          nicolae_shop_i_like_small_books_too
Snake:3:  nicolae_snake_nest, layout_rooms, serial_shops, shop_scrolls,
          minmay_shop_star, uniq_donald
Snake:4:  grunt_snake_rune_pools, layout_rooms,
          nicolae_shop_sticking_my_neck_out
Slime:1:  layout_caves
Slime:2:  layout_caves
Slime:3:  layout_caves
Slime:4:  layout_caves
Slime:5:  slime_pit_nicolae_jellycorners
Orc:1:    layout_caves, gammafunk_ghost_smash, uniq_nergalle
Orc:2:    st_orc_ogre_mass, layout_caves
Elf:1:    minmay_elf_arrival_plus, layout_geoelf_diagonals, minmay_elf_sorcery,
          dk_noncrumbling_4, uniq_nikola
Elf:2:    elven_hall_of_blades_hangedman_original
          [nicolae_vaults_blade_armed_guards], layout_loops_ring, serial_shops,
          nicolae_shop_advertising_works [nicolae_subvault_shop_adworks], shop,
          shop, grunt_ministairs_5, feat_on_display, lemuel_upstairs_altar,
          uniq_zenata
Elf:3:    minmay_elf_hall_quartered_circle, layout_geoelf_diagonals,
          item_on_display_a
Vaults:1: gammafunk_ghost_mausoleum, vaults_room_fancy_cross,
          nicolae_vaults_wrenched, nicolae_vaults_trapezoid_lopsided_4,
          nicolae_vaults_little_squares_6, v_misc_8, vaults_dpeg_ring,
          nicolae_vaults_more_shelving_1, layout_vaults_omnigrid
Vaults:2: ontoclasm_vaults_claustrophobia, vaults_dpeg_cross,
          nicolae_vaults_trapezoid_3, ontoclasm_vaults_twist,
          vaults_room_semicircle, vaults_room_door_hall, v_misc_3,
          vaults_mumra_lcd, v_misc_1, nicolae_vaults_three_branches,
          nicolae_vaults_sightless_eye, hangedman_vaults_hat,
          nicolae_vaults_trapezoid_lopsided_4, v_misc_13,
          layout_vaults_omnicross, uniq_norris
Vaults:3: vaults_room_hallway, minmay_crypt_entry_simple_round,
          nicolae_vaults_network_s, v_misc_1, nicolae_vaults_cornered_office,
          nicolae_vaults_windows_and_doors_thing, nicolae_vaults_swerve,
          nicolae_vaults_storage_closets_2, v_misc_30, grunt_tower_of_power,
          layout_vaults_chaotic_city, uniq_xtahua
Vaults:4: v_misc_18, nicolae_vaults_closet_pinwheel_1,
          nicolae_vaults_weapon_check, nicolae_vaults_yaktaur_gun_rack,
          nicolae_vaults_little_squares_3, nicolae_vaults_network_quinsquares
          [nicolae_vaults_network_quincunx_subvault,
          nicolae_vaults_network_quincunx_subvault,
          nicolae_vaults_network_quincunx_subvault,
          nicolae_vaults_network_quincunx_subvault], hangedman_vaults_snaps,
          v_misc_24, ontoclasm_vaults_pinch, vaults_room_guarded_vault,
          layout_vaults_omnibox, serial_shops, nicolae_shop_stone
Depths:1: layout_basic, serial_shops, nicolae_shop_real_fake_doors, hell_entry,
          hangedman_decor_push, dpeg_stationary_puzzle
Depths:2: kennysheep_large_vault, layout_gridlike, hell_entry, elyvilon_altar_3,
          rand_demon_pan_entry_7, uniq_grunn, uniq_mara
Depths:3: kennysheep_blocky_room, layout_gridlike, enter_ziggurat_d,
          mu_enter_wizlab_3, hell_entry, hangedman_abyss_entry_splay,
          minmay_crystal_water, infiniplex_staircase_squiggle
Depths:4: grunt_zot_entry_hairpin, layout_basic, serial_curves, eino_curves_04,
          eino_curves_04, serial_shops, nicolae_shop_trees,
          nicolae_shop_just_a_little_nook, shop, nicolae_shop_tiny_glass, shop,
          rand_demon_pan_entry_8, pf_coc_iceberg, minmay_door_square,
          kennysheep_four_rooms
Zot:1:    circus_mu, layout_basic, st_stairs_9, grunt_ministairs_9
Zot:2:    lemuel_acid_trip, layout_concentric_octagons, grunt_ministairs_14,
          st_stairs_9, regret_index_zotdec_glowing_original
Zot:3:    regret_index_infernal_bastille, layout_cathedral_of_symmetry,
          hellmonk_ghost_big_iron, nicolae_diode_stairs
Zot:4:    lemuel_draconian_sentries, layout_concentric_octagons,
          grunt_megastairs_5
Zot:5:    layout_cathedral_of_symmetry

Skill      XL: |  1  2  3  4  5  6  7  8  9 10 11 12 13 14 15 16 17 18 19 20 21 22 23 24 25 26 |
---------------+-------------------------------------------------------------------------------+-----
Spellcasting   | 3 4 5 6 8 10 11 12 16 17 19 | 19.6
Air Magic      | 3 4 5 6 7 8 9 10 13 15 16 18 19 | 19.4
Evocations     | 1 2 4 5 6 7 8 12 13 | 13.7
Conjurations   | 2 3 4 6 8 11 13 15 18 20 | 20.3
Fighting       | 2 4 5 7 8 9 10 14 | 14.3
Ice Magic      | 3 4 5 |  5.1
Dodging        | 4 5 8 |  8.6
Armour         | 4 8 11 13 | 13.0
Translocations | 2 |  2.3
Fire Magic     | 7 8 9 10 12 | 12.6
Staves         | 3 10 | 10.0
Stealth        | |  1.5

Action                     |  1- 3 |  4- 6 |  7- 9 | 10-12 | 13-15 | 16-18 | 19-21 | 22-24 | 25-27 || total
---------------------------+-------+-------+-------+-------+-------+-------+-------+-------+-------++-------
  Melee: Whip              |     5 |       |       |       |       |       |       |       |       ||     5
         Dagger            |       |     8 |    56 |   206 |   310 |       |       |       |       ||   580
         Punch             |       |       |     1 |     7 |     9 |       |       |       |       ||    17
         Staff             |       |       |       |       |   114 |   141 |   156 |   325 |   169 ||   905
   Fire: Sling             |    11 |     6 |       |       |       |       |       |       |       ||    17
  Throw: Throwing net      |       |       |       |       |       |       |       |       |     1 ||     1
   Cast: Shock             |    87 |    76 |   212 |   127 |    12 |       |       |       |       ||   514
         Static Discharge  |     3 |       |     6 |    19 |     9 |       |       |       |       ||    37
         Airstrike         |       |     2 |    18 |   101 |    70 |       |    43 |    46 |    27 ||   307
         Swiftness         |       |       |     1 |       |       |       |       |     2 |     1 ||     4
         Freezing Cloud    |       |       |     7 |    56 |    87 |     1 |     2 |     3 |       ||   156
         Frozen Ramparts   |       |       |       |     5 |     9 |       |       |       |       ||    14
         Iskenderun's Myst |       |       |       |     5 |    34 |     8 |    11 |     4 |       ||    62
         Plasma Beam       |       |       |       |       |   154 |   467 |   521 |   586 |   204 ||  1932
         Fireball          |       |       |       |       |    12 |       |       |     3 |       ||    15
         Arcjolt           |       |       |       |       |    14 |    55 |    29 |    46 |     5 ||   149
         Irradiate         |       |       |       |       |       |       |       |    36 |    14 ||    50
         Chain Lightning   |       |       |       |       |       |       |       |    34 |    54 ||    88
 Invoke: Curse Item        |       |       |     4 |     2 |     5 |       |     3 |     2 |       ||    16
         Shatter the Chain |       |       |       |       |     1 |       |     5 |       |       ||     6
  Evoke: Wand              |       |     2 |     6 |     9 |    39 |     7 |       |    19 |     8 ||    90
         Box of beasts     |       |       |       |       |       |       |       |     2 |     2 ||     4
    Use: Scroll            |       |       |     6 |     1 |    11 |       |     6 |     6 |     8 ||    38
   Stab: Paralysed         |       |     8 |       |     7 |     7 |     4 |       |    11 |       ||    37
         Sleeping          |       |       |       |     1 |       |       |       |       |       ||     1
 Armour: Robe              |    28 |    16 |    80 |    63 |       |       |       |       |       ||   187
         Ring mail         |       |       |       |   334 |   704 |   500 |   392 |   835 |   461 ||  3226
  Dodge: Dodged            |    17 |     8 |    79 |   247 |   479 |   294 |   212 |   309 |   182 ||  1827
  Block: Buckler           |       |       |       |       |    14 |   120 |   113 |   168 |    79 ||   494

Table legend: (Time is in decaauts)
 A = Elapsed time spent in this place.
 B = Non-inter-level travel time spent in this place.
 C = Inter-level travel time spent in this place.
 D = Time resting spent in this place.
 E = Time spent auto-exploring this place.
 F = Levels seen in this place.
 G = Mean time per level.
                   A        B        C        D        E       F      G
               +--------+--------+--------+--------+--------+-----+--------+
         Total |  99180 |  92109 |   7071 |  44803 |  31919 |  55 | 1803.3 |
       Dungeon |  24111 |  20816 |   3295 |   7629 |   9995 |  15 | 1607.4 |
        Temple |     18 |      2 |     16 |      0 |      0 |   1 |   18.0 |
          Lair |  11123 |   9982 |   1141 |   4820 |   3427 |   5 | 2224.6 |
        Shoals |   8479 |   8345 |    134 |   5305 |   1835 |   4 | 2119.8 |
     Snake Pit |   8363 |   7785 |    578 |   4457 |   2125 |   4 | 2090.8 |
    Slime Pits |   2094 |   2027 |     67 |   1130 |    438 |   5 |  418.8 |
  Orcish Mines |   2731 |   2509 |    222 |   1106 |    748 |   2 | 1365.5 |
   Elven Halls |   5866 |   5746 |    120 |   2960 |   1716 |   3 | 1955.3 |
        Vaults |   7975 |   7550 |    425 |   3082 |   3360 |   4 | 1993.8 |
        Depths |  10621 |  10022 |    599 |   5164 |   3212 |   4 | 2655.2 |
           Zot |  17028 |  16558 |    470 |   8920 |   4771 |   5 | 3405.6 |
         Trove |     92 |     92 |      0 |      0 |     67 |   1 |   92.0 |
      Ice Cave |    192 |    192 |      0 |    158 |      0 |   1 |  192.0 |
        Wizlab |    481 |    481 |      0 |     71 |    223 |   1 |  481.0 |
               +--------+--------+--------+--------+--------+-----+--------+

Top non-repeatable levels by time:
   Zot:3: 4782 daAuts
   Zot:2: 4022 daAuts
Depths:2: 3267 daAuts
Depths:4: 3221 daAuts
   Zot:4: 3061 daAuts
   Zot:5: 3042 daAuts
 Snake:3: 3027 daAuts
Vaults:3: 2855 daAuts
     D:4: 2670 daAuts
  Lair:5: 2623 daAuts
Shoals:2: 2559 daAuts
  Lair:2: 2534 daAuts
Shoals:1: 2468 daAuts
Shoals:3: 2352 daAuts
   Elf:1: 2332 daAuts
